Kradschützen Motorcycle Team
Selects Battlefield Espionage Battlegroup
Construct Light Support Kompanie
Construct Mechanized Kompanie
Panzerjäger Mechanized Group
Selects Intel Disruption Beacon
le.IG 18 Mechanized Group
Construct Panzerarmee Kommand
Selects 250/3 Funkpanzerwagen
Selects Advanced Ambush Training
Selects Operation Skorpion
Flak 36 Anti-tank Gun Team
18-tonne Recovery Half-track
18-tonne Recovery Half-track